TOP OF THE 1ST |
Pittsburgh Panthers batting - Pitching for Oklahoma State Cowboys : RHP Landon Bailey
|
Pitching: RHP Landon Bailey
|
|
Batting: SHB Tim Mullen
|
0-0: Foul Ball, location: 2F 0-1: Called Strike 0-2: Ball 1-2: Ball 2-2: Foul Ball, location: 2F 2-2: Ball 3-2: Base on Balls
|
Batting: LHB Brandon Davis
|
0-0: Ball 1-0: Fielders Choice at 2nd, 6-4 (Groundball, 6M)
|
Batting: RHB Henry Cahill
|
0-0: Ground out 5-3 (Groundball, 56S) Brandon Davis to second
|
Batting: LHB Pablo Garza
|
0-0: Ball 1-0: Fly out, F6 (Popup, 56)
|
Top of the 1st over - 0 run(s), 0 hit(s), 0 error(s), 1 left on base; Pittsburgh 0 - Oklahoma State 0 |
BOTTOM OF THE 1ST |
Oklahoma State Cowboys batting - Pitching for Pittsburgh Panthers : RHP John O'Neil
|
Pitching: RHP John O'Neil
|
|
Batting: RHB Derrek Lane
|
0-0: Foul Ball, location: 2F 0-1: Ball 1-1: Foul Ball, location: 2F 1-2: Ball 2-2: SINGLE (Flyball, 9LM)
|
Batting: RHB Brian Baker
|
0-0: SINGLE (Line Drive, 9S) Derrek Lane to second Runner from 2nd tries for 3rd, SAFE, no throw
|
Batting: LHB Bill Bryan
|
0-0: SINGLE (Groundball, 6MD) Derrek Lane scores Brian Baker to second
|
Batting: SHB Jacob Lachance
|
0-0: Swinging Strike 0-1: Swinging Strike 0-2: Grounds into double play, 4-6-3 (Groundball, 4) Brian Baker to third
|
Batting: RHB Burt Sharp
|
0-0: Ball 1-0: Ball 2-0: Called Strike 2-1: Foul Ball, location: 2F 2-2: Fly out, F8 (Flyball, 8RM)
|
Bottom of the 1st over - 1 run(s), 3 hit(s), 0 error(s), 1 left on base; Pittsburgh 0 - Oklahoma State 1 |
TOP OF THE 2ND |
Pittsburgh Panthers batting - Pitching for Oklahoma State Cowboys : RHP Landon Bailey
|
Batting: LHB Ramón Reynoso
|
0-0: Called Strike 0-1: Foul Ball, location: 2F 0-2: Ball 1-2: Strikes out looking
|
Batting: RHB Phil Ford
|
0-0: Foul Ball, location: 2F 0-1: Foul Ball, location: 2F 0-2: Ball 1-2: Strikes out looking
|
Batting: LHB Harry Davis
|
0-0: Called Strike 0-1: Ball 1-1: Foul Ball, location: 2F 1-2: Ball 2-2: Ball 3-2: Foul Ball, location: 2F 3-2: Base on Balls
|
Batting: RHB Karl Stone
|
0-0: Called Strike 0-1: Fly out, F7 (Flyball, 7S)
|
Top of the 2nd over - 0 run(s), 0 hit(s), 0 error(s), 1 left on base; Pittsburgh 0 - Oklahoma State 1 |
BOTTOM OF THE 2ND |
Oklahoma State Cowboys batting - Pitching for Pittsburgh Panthers : RHP John O'Neil
|
Batting: SHB Ernest Hood
|
0-0: Ball 1-0: Foul Ball, location: 2F 1-1: Ball 2-1: Ball 3-1: Base on Balls
|
Batting: RHB Larry Young
|
0-0: Ball 1-0: Ball 2-0: Ball 3-0: Called Strike 3-1: Called Strike 3-2: Strikes out swinging Ernest Hood is caught stealing 2nd base Batter strikes out.
|
Batting: RHB Doug Wells
|
0-0: Ground out 3-1 (Groundball, 34)
|
Bottom of the 2nd over - 0 run(s), 0 hit(s), 0 error(s), 0 left on base; Pittsburgh 0 - Oklahoma State 1 |
TOP OF THE 3RD |
Pittsburgh Panthers batting - Pitching for Oklahoma State Cowboys : RHP Landon Bailey
|
Batting: RHB Richard Cardoza
|
0-0: Called Strike 0-1: Called Strike 0-2: Ball 1-2: Ball 2-2: Strikes out swinging, 2-3 out at first.
|
Batting: SHB Tim Mullen
|
0-0: Ball 1-0: Foul Ball, location: 2F 1-1: Ball 2-1: Ground out 3-1 (Groundball, 34)
|
Batting: LHB Brandon Davis
|
0-0: Ball 1-0: Ball 2-0: Ball 3-0: Called Strike 3-1: Fly out, F7 (Flyball, 7S)
|
Top of the 3rd over - 0 run(s), 0 hit(s), 0 error(s), 0 left on base; Pittsburgh 0 - Oklahoma State 1 |
BOTTOM OF THE 3RD |
Oklahoma State Cowboys batting - Pitching for Pittsburgh Panthers : RHP John O'Neil
|
Batting: SHB Myles Hopkins
|
0-0: Ball 1-0: Ball 2-0: Ball 3-0: Base on Balls
|
Batting: RHB Derrek Lane
|
0-0: Ball 1-0: Ball Myles Hopkins steals 2nd base 2-0: Called Strike 2-1: Foul Ball, location: 2F 2-2: Foul Ball, location: 2F 2-2: Foul Ball, location: 2F 2-2: Fly out, F6 (Popup, 56D)
|
Batting: RHB Brian Baker
|
0-0: Called Strike 0-1: SINGLE (Line Drive, 7S) Myles Hopkins to third Runner from 3rd tries for Home, SAFE, no throw
|
Batting: LHB Bill Bryan
|
0-0: Ball 1-0: Swinging Strike 1-1: Ball 2-1: Foul Ball, location: 2F 2-2: Ball 3-2: Strikes out swinging
|
Batting: SHB Jacob Lachance
|
0-0: Ball Brian Baker steals 2nd base 1-0: Foul Ball, location: 2F 1-1: Foul Ball, location: 2F 1-2: Foul Ball, location: 2F 1-2: Strikes out looking
|
Bottom of the 3rd over - 1 run(s), 1 hit(s), 0 error(s), 1 left on base; Pittsburgh 0 - Oklahoma State 2 |
TOP OF THE 4TH |
Pittsburgh Panthers batting - Pitching for Oklahoma State Cowboys : RHP Landon Bailey
|
Batting: RHB Henry Cahill
|
0-0: Ball 1-0: Ball 2-0: Ball 3-0: Called Strike 3-1: Fly out, F4 (Popup, 4M)
|
Batting: LHB Pablo Garza
|
0-0: Called Strike 0-1: Ball 1-1: SINGLE (Line Drive, 89S)
|
Batting: LHB Ramón Reynoso
|
0-0: Swinging Strike 0-1: Foul Ball, location: 2F 0-2: Ball 1-2: Ball 2-2: Ball 3-2: Strikes out looking
|
Batting: RHB Phil Ford
|
0-0: Ball 1-0: Foul Ball, location: 2F 1-1: Ball 2-1: Fielders Choice at 2nd, 5-4 (Groundball, 56)
|
Top of the 4th over - 0 run(s), 1 hit(s), 0 error(s), 0 left on base; Pittsburgh 0 - Oklahoma State 2 |
BOTTOM OF THE 4TH |
Oklahoma State Cowboys batting - Pitching for Pittsburgh Panthers : RHP John O'Neil
|
Batting: RHB Burt Sharp
|
0-0: Called Strike 0-1: Ball 1-1: Foul Ball, location: 2F 1-2: Foul Ball, location: 2F 1-2: Ground out 1-3 (Groundball, 13)
|
Batting: SHB Ernest Hood
|
0-0: Ball 1-0: Ball 2-0: Ball 3-0: Called Strike 3-1: Base on Balls
|
Batting: RHB Larry Young
|
0-0: Called Strike 0-1: Called Strike Ernest Hood steals 2nd base 0-2: Foul Ball, location: 2F 0-2: Ball 1-2: Ball 2-2: Foul Ball, location: 2F 2-2: SINGLE (Groundball, 6MD) Ernest Hood to third Runner from 3rd tries for Home, SAFE, no throw
|
Batting: RHB Doug Wells
|
0-0: Ball 1-0: Fly out, F5 (Line Drive, 56S)
|
Pitching: LHP Félix Turcotte
|
|
Batting: SHB Myles Hopkins
|
0-0: Called Strike 0-1: Ball 1-1: Called Strike 1-2: Ball 2-2: Foul Ball, location: 2F 2-2: Foul Ball, location: 2F 2-2: Foul Ball, location: 2F 2-2: Foul Ball, location: 2F 2-2: Ball 3-2: Strikes out swinging
|
Bottom of the 4th over - 1 run(s), 1 hit(s), 0 error(s), 1 left on base; Pittsburgh 0 - Oklahoma State 3 |
TOP OF THE 5TH |
Pittsburgh Panthers batting - Pitching for Oklahoma State Cowboys : RHP Landon Bailey
|
Batting: LHB Harry Davis
|
0-0: Ground out 6-3 (Groundball, 6)
|
Batting: RHB Karl Stone
|
0-0: Ball 1-0: Ball 2-0: Called Strike 2-1: Foul Ball, location: 2F 2-2: Foul Ball, location: 2F 2-2: Ball 3-2: Fly out, F8 (Flyball, 8RM)
|
Batting: RHB Richard Cardoza
|
0-0: Called Strike 0-1: Ground out 6-3 (Groundball, 6)
|
Top of the 5th over - 0 run(s), 0 hit(s), 0 error(s), 0 left on base; Pittsburgh 0 - Oklahoma State 3 |
BOTTOM OF THE 5TH |
Oklahoma State Cowboys batting - Pitching for Pittsburgh Panthers : LHP Félix Turcotte
|
Batting: RHB Derrek Lane
|
0-0: Foul Ball, location: 2F 0-1: Ball 1-1: Foul Ball, location: 2F 1-2: Strikes out looking
|
Batting: RHB Brian Baker
|
0-0: Ball 1-0: Ball 2-0: Swinging Strike 2-1: Foul Ball, location: 2F 2-2: SINGLE (Line Drive, 9LS)
|
Batting: LHB Bill Bryan
|
0-0: Ball 1-0: Ball 2-0: Called Strike 2-1: Ball 3-1: SINGLE (Groundball, 4) (infield hit) Brian Baker to second
|
Batting: SHB Jacob Lachance
|
0-0: Swinging Strike 0-1: Foul Ball, location: 2F 0-2: Strikes out swinging
|
Batting: RHB Burt Sharp
|
0-0: Called Strike 0-1: Foul Ball, location: 2F 0-2: Foul Ball, location: 2F 0-2: Ball 1-2: Strikes out swinging
|
Bottom of the 5th over - 0 run(s), 2 hit(s), 0 error(s), 2 left on base; Pittsburgh 0 - Oklahoma State 3 |
TOP OF THE 6TH |
Pittsburgh Panthers batting - Pitching for Oklahoma State Cowboys : RHP Landon Bailey
|
Batting: SHB Tim Mullen
|
0-0: Swinging Strike 0-1: Ball 1-1: Swinging Strike 1-2: Strikes out looking
|
Batting: LHB Brandon Davis
|
0-0: SINGLE (Line Drive, 56D)
|
Batting: RHB Henry Cahill
|
0-0: Ball 1-0: Called Strike 1-1: Swinging Strike 1-2: Ball 2-2: Foul Ball, location: 2F 2-2: Ball 3-2: Strikes out swinging
|
Pitching: LHP Barry Arroyo
|
|
Batting: LHB Pablo Garza
|
0-0: Called Strike Brandon Davis is caught stealing 2nd base
|
Top of the 6th over - 0 run(s), 1 hit(s), 0 error(s), 0 left on base; Pittsburgh 0 - Oklahoma State 3 |
BOTTOM OF THE 6TH |
Oklahoma State Cowboys batting - Pitching for Pittsburgh Panthers : LHP Félix Turcotte
|
Batting: SHB Ernest Hood
|
0-0: SINGLE (Groundball, 4) (infield hit)
|
Batting: RHB Larry Young
|
0-0: Called Strike Ernest Hood steals 2nd base 0-1: Ball 1-1: Ground out 6-3 (Groundball, 6) Ernest Hood to third
|
Batting: RHB Doug Wells
|
0-0: Fly out, F5 (Line Drive, 56)
|
Batting: SHB Myles Hopkins
|
0-0: DOUBLE (Line Drive, 8LD) Ernest Hood scores
|
Batting: RHB Derrek Lane
|
0-0: Called Strike 0-1: Ground out 6-3 (Groundball, 6M)
|
Bottom of the 6th over - 1 run(s), 2 hit(s), 0 error(s), 1 left on base; Pittsburgh 0 - Oklahoma State 4 |
TOP OF THE 7TH |
Pittsburgh Panthers batting - Pitching for Oklahoma State Cowboys : LHP Barry Arroyo
|
Batting: LHB Pablo Garza
|
0-0: Ball 1-0: Ball 2-0: Called Strike 2-1: Called Strike 2-2: Ball 3-2: Base on Balls
|
Batting: LHB Ramón Reynoso
|
0-0: Foul Ball, location: 2F 0-1: Fielders Choice at 2nd, 1-6 (Groundball, 13)
|
Batting: RHB Phil Ford
|
0-0: Ball 1-0: Called Strike 1-1: Ball Ramón Reynoso is caught stealing 2nd base 2-1: Foul Ball, location: 2F 2-2: Ball 3-2: Strikes out swinging
|
Top of the 7th over - 0 run(s), 0 hit(s), 0 error(s), 0 left on base; Pittsburgh 0 - Oklahoma State 4 |
BOTTOM OF THE 7TH |
Oklahoma State Cowboys batting - Pitching for Pittsburgh Panthers : LHP Félix Turcotte
|
Batting: RHB Brian Baker
|
0-0: Ball 1-0: SINGLE (Flyball, 7LM)
|
Batting: LHB Bill Bryan
|
0-0: Called Strike 0-1: Called Strike 0-2: Foul Ball, location: 2F 0-2: Foul Ball, location: 2F 0-2: Ball 1-2: Ball 2-2: Strikes out looking
|
Batting: SHB Jacob Lachance
|
0-0: Ball 1-0: Called Strike 1-1: Fly out, F5 (Popup, 56)
|
Batting: RHB Burt Sharp
|
0-0: Ball Wild Pitch! Brian Baker to second 1-0: Ball 2-0: Called Strike 2-1: Ball 3-1: Swinging Strike 3-2: Base on Balls
|
Pitching: RHP Tim Wallace
|
|
Batting: SHB Ernest Hood
|
0-0: Ball 1-0: Ball 2-0: Swinging Strike 2-1: Swinging Strike 2-2: Ball 3-2: Foul Ball, location: 2F 3-2: Foul Ball, location: 2F 3-2: Ground out 6-3 (Groundball, 6)
|
Bottom of the 7th over - 0 run(s), 1 hit(s), 0 error(s), 2 left on base; Pittsburgh 0 - Oklahoma State 4 |
TOP OF THE 8TH |
Pittsburgh Panthers batting - Pitching for Oklahoma State Cowboys : LHP Barry Arroyo
|
Batting: LHB Harry Davis
|
0-0: Ball 1-0: Fly out, F9 (Flyball, 9S)
|
Batting: RHB Karl Stone
|
0-0: Fly out, F9 (Flyball, 9LM)
|
Batting: RHB Richard Cardoza
|
0-0: Ball 1-0: Ball 2-0: Ball 3-0: Base on Balls
|
Batting: SHB Tim Mullen
|
0-0: Called Strike 0-1: Fielders Choice at 2nd, 6-4 (Groundball, 6)
|
Top of the 8th over - 0 run(s), 0 hit(s), 0 error(s), 0 left on base; Pittsburgh 0 - Oklahoma State 4 |
BOTTOM OF THE 8TH |
Oklahoma State Cowboys batting - Pitching for Pittsburgh Panthers : RHP Tim Wallace
|
Batting: RHB Larry Young
|
0-0: Ball 1-0: Ball 2-0: Ground out 6-3 (Groundball, 56)
|
Batting: RHB Doug Wells
|
0-0: Foul Ball, location: 2F 0-1: Fly out, F4 (Popup, 4D)
|
Batting: SHB Myles Hopkins
|
0-0: Ball 1-0: Ground out 6-3 (Groundball, 6)
|
Bottom of the 8th over - 0 run(s), 0 hit(s), 0 error(s), 0 left on base; Pittsburgh 0 - Oklahoma State 4 |
TOP OF THE 9TH |
Pittsburgh Panthers batting - Pitching for Oklahoma State Cowboys : LHP Barry Arroyo
|
Batting: LHB Brandon Davis
|
0-0: Ball 1-0: Foul Ball, location: 2F 1-1: Swinging Strike 1-2: Ball 2-2: Strikes out swinging
|
Batting: RHB Henry Cahill
|
0-0: Ground out U3 (Groundball, 34S)
|
Batting: LHB Pablo Garza
|
0-0: Foul Ball, location: 2F 0-1: Foul Ball, location: 2F 0-2: Foul Ball, location: 2F 0-2: Ball 1-2: Ball 2-2: Strikes out looking
|
Top of the 9th over - 0 run(s), 0 hit(s), 0 error(s), 0 left on base; Pittsburgh 0 - Oklahoma State 4 |
|